 Dungeon Crawl Stone Soup version 0.32-a0-913-g739538afd8 (webtiles) character file.

Game seed: 17019306823216400819

1109 Cancer the Digger (level 8, 0/41 HPs)
             Began as a Gargoyle Earth Elementalist on Apr 9, 2024.
             Slain by a centaur (1 damage)
             ... on level 8 of the Dungeon.
             The game lasted 00:09:25 (5005 turns).

Cancer the Digger (Gargoyle Earth Elementalist)     Turns: 5005, Time: 00:09:26

Health: 0/41       AC:  7    Str: 11    XL:     8   Next: 33%
Magic:  0/16       EV: 16    Int: 19    God:
Gold:   226        SH:  0    Dex: 10    Spells: 10/17 levels left

rFire   . . .        q - staff of death
rCold   + . .        (no shield)
rNeg    + + .        a - +0 robe
rPois   ∞            (no helmet)
rElec   +            (no cloak)
rCorr   .            (no gloves)
SInv    .            (no boots)
Will    .....        (no amulet)
Stlth   ++           v - ring of protection from cold
HPRegen 0.26/turn    x - +5 ring of evasion
MPRegen 0.15/turn

%: no passive effects
@: no status effects
A: sickness immunity, AC +5, negative energy resistance 1, electricity
resistance, torment resistance 1, petrification resistance
a: no special abilities


You were on level 8 of the Dungeon.
You visited 1 branch of the dungeon, and saw 6 of its levels.

You collected 226 gold pieces.

Inventory:

Missiles
 w - a throwing net
Armour
 a - a +0 robe (worn)
Magical Staves
 q - a staff of death (weapon)
 s - a staff of air
Jewellery
 v - a ring of protection from cold (left hand)
 x - a +5 ring of evasion (right hand)
Wands
 m - a wand of paralysis (10)
Scrolls
 c - 3 scrolls of teleportation {unknown}
 d - 2 scrolls of vulnerability {unknown}
 e - 4 scrolls of identify {unknown}
 g - a scroll of poison {unknown}
 h - a scroll of immolation {unknown}
 j - 2 scrolls of blinking {unknown}
 n - a scroll of amnesia {unknown}
 o - a scroll of fog {unknown}
 r - a scroll of summoning {unknown}
Potions
 b - 3 potions of magic
 f - 3 potions of lignification {unknown}
 i - 2 potions of might {unknown}
 k - 2 potions of brilliance {unknown}
 p - a potion of heal wounds {unknown}
 t - a potion of curing {unknown}
 u - a potion of attraction {unknown}


   Skills:
 - Level 1.5 Dodging
 - Level 2.1 Stealth
 + Level 5.4 Spellcasting
 + Level 6.0 Conjurations
 + Level 7.5 Earth Magic


You had 10 spell levels left.
You knew the following spells:

 Your Spells              Type           Power      Damage    Failure   Level
a - Sandblast             Erth           66%        2d15      1%          1
b - Stone Arrow           Conj/Erth      60%        3d10      2%          3
c - Passwall              Erth           33%        N/A       1%          3

Your spell library contained the following spells:

 Spells                   Type           Power      Damage    Failure   Level
 Brom's Barrelling Bould  Conj/Erth      30%        2d5       8%          4
 Call Imp                 Summ           10%        N/A       19%         2
 Petrify                  Alch/Erth      19%        N/A       26%         4
 Summon Hydra             Summ           2%         N/A       100%        7
 Sublimation of Blood     Necr           Unusable   N/A       N/A         2

Dungeon Overview and Level Annotations

Branches:
Dungeon (8/15)
 Temple: D:4-7         Lair: D:8-11

Altars:
Gozag
Okawaru


Innate Abilities, Weirdness & Mutations

You are immune to sickness and miasma.
Your stone body is resilient. (AC +5)
You are immune to poison.
You resist negative energy. (rN+)
You are resistant to electric shocks. (rElec)
You are resistant to unholy torment.
You are immune to petrification.


Message History

The orc warrior is almost dead.
The centaur barely misses you. The centaur closely misses you.
The centaur barely misses you. The centaur closely misses you.
The orc warrior hits you with a +0 short sword!
The centaur completely misses you. The centaur closely misses you.
Hit: q) staff of death
Press: ? - help, Dir - move target, f/p - orc warrior
Aim: an orc warrior, wielding a +0 short sword and wearing a +0 plate armour (almost dead, about 41% to evade your staff of death)
Okay, then.
Unknown command.
Aiming: Throw Flame
Press: ? - help, Shift-Dir - straight line, f/p - orc warrior
Aim: an orc warrior, wielding a +0 short sword and wearing a +0 plate armour (almost dead, 68% to hit)
The puff of flame hits the orc warrior but does no damage.
The orc warrior is almost dead.
The orc warrior hits you with a +0 short sword!
* * * LOW HITPOINT WARNING * * *
The centaur completely misses you. The centaur misses you.
Aiming: Throw Flame
Press: ? - help, Shift-Dir - straight line, f/p - orc warrior
Aim: an orc warrior, wielding a +0 short sword and wearing a +0 plate armour (almost dead, 68% to hit)
The puff of flame hits the orc warrior.
The orc warrior is almost dead.
The centaur closely misses you.
The centaur kicks you but does no damage.
The orc warrior closely misses you. The centaur barely misses you. x2
Aiming: Throw Flame
Press: ? - help, Shift-Dir - straight line, f/p - orc warrior
Aim: an orc warrior, wielding a +0 short sword and wearing a +0 plate armour (almost dead, 68% to hit)
The puff of flame hits the orc warrior.
You kill the orc warrior!
The now-empty wand crumbles to dust.
The centaur hits you but does no damage.
The centaur closely misses you.
Your Conjurations skill increases to level 6!
You hit the centaur but do no damage. The centaur hits you.
* * * LOW HITPOINT WARNING * * *
The centaur kicks you but does no damage.
The centaur hits you.
You die...

... #.# o..# ... #.# ...#
..####.### ...# #...)...#
...# #.......### ...#
######..#......# ...#
....##.......#.#####.$.#...
.>........##.....c.).......
..........##....@).........
....##.....................
....##.......#.#####...####
###.##.#.......# ...#
#.##...)...### <..#
#......##### ...# ####.###
...# #. .# #.


You could see a centaur.

Vanquished Creatures
  2 black bears
  An orc warrior (D:8)
  An ogre (D:4)
  2 phantoms
  A scorpion (D:5)
  An orc priest (D:4)
  A jelly (D:5)
  3 iguanas
  A sleepcap (D:5)
  6 orc wizards
  4 adders (D:3)
  8 gnolls (D:4)
  A dart slug (D:2)
  2 ribbon worms
  13 orcs
  7 ball pythons
  4 endoplasms
  6 giant cockroaches
  8 goblins
  11 hobgoblins
  10 jackals
  4 quokkas
  13 bats
  5 frilled lizards
  5 kobolds
  4 rats
124 creatures vanquished.

Notes
Turn   | Place    | Note
-------+----------+-------------------------------------------
     0 | D:1      | Cancer the Gargoyle Earth Elementalist began the quest for
                  | the Orb.
     0 | D:1      | Reached XP level 1. HP: 10/10 MP: 3/3
   202 | D:1      | Reached XP level 2. HP: 15/15 MP: 3/5
   459 | D:1      | Reached skill level 4 in Earth Magic
   747 | D:2      | Reached XP level 3. HP: 19/19 MP: 3/6
   805 | D:2      | Found a faded altar of an unknown god.
  1755 | D:3      | Reached XP level 4. HP: 24/24 MP: 5/8
  2947 | D:4      | Noticed a black bear
  2955 | D:4      | Killed a black bear
  2956 | D:4      | Reached skill level 5 in Earth Magic
  2956 | D:4      | Reached XP level 5. HP: 12/28 MP: 1/10
  3062 | D:4      | Reached XP level 6. HP: 20/32 MP: 5/11
  3295 | D:4      | Found an iron altar of Okawaru.
  3505 | D:4      | Found an opulent altar of Gozag.
  3585 | D:4      | Reached skill level 6 in Earth Magic
  3585 | D:4      | Reached XP level 7. HP: 18/36 MP: 9/13
  3589 | D:4      | Learned a level 3 spell: Stone Arrow
  3593 | D:4      | Learned a level 3 spell: Passwall
  4416 | D:5      | Entered Level 5 of the Dungeon
  4422 | D:5      | Reached skill level 5 in Conjurations
  4644 | D:5      | Reached skill level 5 in Spellcasting
  4644 | D:5      | Reached skill level 7 in Earth Magic
  4644 | D:5      | Reached XP level 8. HP: 30/41 MP: 11/15
  4951 | D:5      | You fall into a shaft and drop 3 floors!
  5005 | D:8      | HP: 1/41 [centaur (6)]
  5005 | D:8      | Slain by a centaur

Illustrated notes

Levels and vault maps discovered:
D:1:      dpeg_arrival_solitude, layout_basic, minmay_tetromino_o2
D:2:      layout_basic, dreamdust_ecumenical_altar_grove
D:3:      layout_loops_corners, minmay_misc_feat_pillars
D:4:      layout_basic, old_standard_altar, kennysheep_okawaru_gauntlet,
          serial_corexii_hall, corexii_hall_statues_i, corexii_hall_statues_l,
          roderic_batcave
D:5:      layout_basic, serial_aquarium, aquarium_bridge_straight
          [aquarium_subvault_bridge, aquarium_subvault_wall,
          aquarium_subvault_bridge, aquarium_subvault_window],
          aquarium_bridge_straight [aquarium_subvault_bridge,
          aquarium_subvault_window, aquarium_subvault_bridge,
          aquarium_subvault_window], aquarium_window_fake, aquarium_window_2,
          aquarium_window_1, aquarium_view_2g, aquarium_pool_side,
          uniq_prince_ribbit1
D:8:      layout_loops_cross, grunt_temple_overflow_order_and_chaos_2,
          uniq_erica

Skill      XL: |  1  2  3  4  5  6  7  8 |
---------------+-------------------------+-----
Earth Magic    | 4 5 6 7 |  7.5
Conjurations   | 2 3 4 5 6 |  6.0
Spellcasting   | 3 4 5 |  5.4
Dodging        | |  1.5
Stealth        | |  2.1

Action                     |  1- 3 |  4- 6 |  7- 9 || total
---------------------------+-------+-------+-------++-------
  Melee: Unarmed           |    10 |    11 |       ||    21
         Staff             |       |       |    11 ||    11
   Fire: Sling             |    20 |       |       ||    20
   Cast: Sandblast         |    52 |    77 |    77 ||   206
         Stone Arrow       |       |       |     4 ||     4
  Evoke: Wand              |       |       |     3 ||     3
 Armour: Robe              |    29 |    49 |    61 ||   139
  Dodge: Dodged            |    29 |    36 |    49 ||   114

Table legend: (Time is in decaauts)
 A = Elapsed time spent in this place.
 B = Non-inter-level travel time spent in this place.
 C = Inter-level travel time spent in this place.
 D = Time resting spent in this place.
 E = Time spent auto-exploring this place.
 F = Levels seen in this place.
 G = Mean time per level.
                   A        B        C        D        E       F      G
               +--------+--------+--------+--------+--------+-----+--------+
         Total |   5115 |   4736 |    379 |     61 |   3808 |   6 |  852.5 |
       Dungeon |   5115 |   4736 |    379 |     61 |   3808 |   6 |  852.5 |
               +--------+--------+--------+--------+--------+-----+--------+

Top non-repeatable levels by time:
     D:4: 1561 daAuts
     D:3: 1155 daAuts
     D:2: 1023 daAuts
     D:1: 786 daAuts
     D:5: 530 daAuts
     D:8: 58 daAuts
